 Dungeon Crawl Stone Soup version 0.26.0-20-g3ca415f5b8 (webtiles) character file.

Game seed: 11731175039930130359

41 thiole the Magician (level 3, -2/21 HPs)
             Began as an Octopode Hedge Wizard on Jan 24, 2021.
             Slain by a gnoll (3 damage)
             ... on level 2 of the Dungeon.
             The game lasted 00:02:53 (1794 turns).

thiole the Magician (Octopode Hedge Wizard)         Turns: 1794, Time: 00:02:54

Health: -2/21      AC:  1    Str:  9    XL:     3   Next: 52%
Magic:  1/7        EV: 13    Int: 17    God:
Gold:   55         SH:  0    Dex: 11    Spells: 7/8 levels left

rFire    . . .     SeeInvis .   a - +0 dagger
rCold    . . .     Faith    .   (no shield)
rNeg     . . .     Spirit   .   b - +0 hat
rPois    .         Reflect  .   (no amulet)
rElec    .         Harm     .   (no ring)
rCorr    .         Rampage  .   (no ring)
Will     .....                  (no ring)
Stlth    +++.......             (no ring)
HPRegen  0.07/turn              (no ring)
MPRegen  0.10/turn              (no ring)
                                (no ring)
                                (no ring)

@: hasted, very quick
A: almost no armour, stealthy swim, amphibious, 8 rings, constrict 8, camouflage
1, gelatinous body 1
a: no special abilities


You were on level 2 of the Dungeon.
You visited 1 branch of the dungeon, and saw 2 of its levels.

You collected 55 gold pieces.

Inventory:

Hand Weapons
 a - a +0 dagger (weapon)
Armour
 b - a +0 hat (worn)
 d - a +0 kite shield
Jewellery
 g - an uncursed ring of positive energy {unknown}
Scrolls
 e - a scroll of remove curse {unknown}
 f - a scroll of blinking {unknown}
 i - a scroll of enchant weapon {unknown}
 k - 2 scrolls of identify {unknown}
Potions
 c - a potion of haste
 h - 2 potions of flight {unknown}
 j - 2 potions of invisibility {unknown}


   Skills:
 - Level 2.0 Dodging
 + Level 3.1 Stealth
 + Level 0.8 Shields
 + Level 3.1 Spellcasting
 * Level 1.9 Conjurations
 - Level 2.0 Summonings
 - Level 1.0 Translocations


You had 7 spell levels left.
You knew the following spells:

 Your Spells              Type           Power        Failure   Level
a - Magic Dart            Conj           36%          8%          1

Your spell library contained the following spells:

 Spells                   Type           Power        Failure   Level
 Call Imp                 Summ           9%           12%         2
 Blink                    Tloc           N/A          17%         2
 Slow                     Hex            2%           26%         2
 Conjure Flame            Conj/Fire      6%           34%         3
 Mephitic Cloud           Conj/Pois/Air  4%           36%         3


Dungeon Overview and Level Annotations

Branches:
Dungeon (2/15)

Altars:
Fedhas
Qazlal

Annotations:
D:2 1 runed translucent door, Crazy Yiuf


Innate Abilities, Weirdness & Mutations

You cannot wear most types of armour.
You are very stealthy in the water. (Stealth+)
You are amphibious.
You can wear up to eight rings at the same time.
You can use your tentacles to constrict eight enemies at once.
Your skin changes colour to match your surroundings (Stealth+).
Your rubbery body absorbs attacks. (AC +1, EV +1)


Message History

The gnoll is heavily wounded.
Casting: Magic Dart (safe; 8% risk of failure)
Confirm with . or Enter, or press ? or * to list all spells.
Aiming: Magic Dart (safe; 8% risk of failure)
Press: ? - help, Shift-Dir - straight line, f/p - gnoll
Aim: a gnoll (heavily wounded, 0% to evade)
The magic dart hits the gnoll.
The gnoll is severely wounded.
The gnoll hits you!
You completely miss the gnoll. Your grab misses the gnoll.
The gnoll is severely wounded.
The gnoll hits you!
* * * LOW HITPOINT WARNING * * *
Your magical contamination has completely faded away.
You barely miss the gnoll. Your grab misses the gnoll.
The gnoll is severely wounded.
The gnoll hits you.
* * * LOW HITPOINT WARNING * * *
It was a potion of haste.
You feel yourself speed up. The gnoll hits you.
You die...

####..#####..###....###g..≈≈P##.#
......#.....#...>.......#.♣≈P##.#
.##...........####.#..#...P≈≈##..
♣♣♣##.#.>..#### #.#.....≈≈≈PP##.
♣♣♣♣#<#......# #...###.PP≈≈.≈P.
≈P≈≈P.#...##.### #..# #.P≈♣♣PP≈.
≈≈≈≈♣♣.....#...###..# #.P.♣≈≈≈PP
≈≈≈≈≈♣≈♣...).#.#.g..# #.≈≈≈≈♣≈♣
....≈≈≈♣..##....@#..######≈P≈≈≈♣≈
..........###......(....###≈P♣≈♣♣
....≈.....#....#...........PP≈≈)≈
≈≈≈P.♣...##.#######.####.##PPP≈≈≈
≈≈≈≈≈≈####..# #.## #.##..PP≈P
≈≈≈≈P......## #..###.##.#PPP.
P≈≈≈#..##### ##...(.##.###..
P≈≈≈#(.#### ####..####.###..
≈≈≈≈......########......###.##...


You could see a gnoll.

Vanquished Creatures
  A gnoll (D:2)
  An adder (D:2)
  A leopard gecko (D:2)
  4 goblins
  A hobgoblin (D:1)
  2 jackals (D:1)
  4 bats (D:1)
  A frilled lizard (D:1)
  4 kobolds
  3 rats (D:1)
22 creatures vanquished.

Vanquished Creatures (others)
  14 plants (D:2)
14 creatures vanquished.

Grand Total: 36 creatures vanquished

Notes
Turn   | Place    | Note
-------+----------+-------------------------------------------
     0 | D:1      | thiole the Octopode Hedge Wizard began the quest for the
                  | Orb.
     0 | D:1      | Reached XP level 1. HP: 11/11 MP: 4/4
   260 | D:1      | Reached XP level 2. HP: 17/17 MP: 1/6
  1189 | D:2      | Found a blossoming altar of Fedhas.
  1212 | D:2      | Reached XP level 3. HP: 14/21 MP: 0/7
  1547 | D:2      | Found a runed translucent door.
  1548 | D:2      | Noticed Crazy Yiuf
  1725 | D:2      | Found a stormy altar of Qazlal.
  1793 | D:2      | HP: 1/21 [gnoll (3)]
  1794 | D:2      | Slain by a gnoll

Illustrated notes

Levels and vault maps discovered:
D:1:      lemuel_arrival_lava_pool, layout_loops_ring
D:2:      layout_rooms, fedhas_altar_1, serial_bayou, serial_bayou_ford_a,
          serial_bayou_pond_d, serial_bayou_crossing, serial_bayou_lagoon_a,
          nicolae_qazlal_eye_of_the_storm, uniq_crazy_yiuf_cottage

Skill      XL: |  1  2  3 |
---------------+----------+-----
Stealth        | 3 |  3.1
Summonings     | 2 |  2.0
Dodging        | |  2.0
Shields        | |  0.8
Spellcasting   | |  3.1
Conjurations   | |  1.9
Translocations | |  1.0

Action                   || total
-------------------------++-------
Melee: Dagger            ||    16
       Constrict         ||     5
       Tentacles         ||     2
 Cast: Magic Dart        ||    65
  Use: Potion            ||     1
Armor: Skin              ||     3
Dodge: Dodged            ||    19
